 Dungeon Crawl Stone Soup version 0.17-a0-1976-g482a304 (webtiles) character file.

229342 Kangaxx the Devastator (level 18, -19/85 HPs)
             Began as a Deep Elf Wizard on Oct 5, 2015.
             Was the Champion of Vehumet.
             Killed from afar by Nikola (32 damage)
             ... with a chain lightning
             ... on level 1 of the Vaults.
             The game lasted 05:17:04 (48082 turns).

Kangaxx the Devastator (Deep Elf Wizard)           Turns: 48082, Time: 05:17:09

Health: -19/85     AC:  6    Str:  4      XL:     18   Next: 73%
Magic:  3/46       EV: 23    Int: 44      God:    Vehumet [******]
Gold:   1895       SH:  0    Dex: 19 (20) Spells: 13 memorised, 4 levels left

rFire  + . .     SeeInvis .     n - +2 flail of Crystal {freeze, +Fly MR+ MP+9 Dex+3, !*}
rCold  + . .     Clarity  .     C - +2 robe {MR+}
rNeg   . . .     SustAt   .     (no shield)
rPois  .         Gourm    +     V - +1 hat {MR+}
rElec  .         Spirit   .     F - +1 cloak
rCorr  .         Warding  .     (no gloves)
rMut   .         Stasis   .     (no boots)
MR     +++++                    d - amulet of the gourmand
Stlth  ++++++....               x - ring of Desertification {*Confuse +Inv Int+5 Slay-3}
                                k - ring of Ullyugovuj {rF+ rC+ Int+5 Dex+2}

@: delayed fireball, repel missiles, almost entirely resistant to hostile
enchantments, very stealthy
A: agile 1, deformed body, deterioration 1, magic resistance 1, sense
surroundings 1, spit poison 1, strong 1
a: Spit Poison, Renounce Religion, Release Delayed Fireball, Evoke Invisibility,
Evoke Flight
}: 1/15 runes: decaying


You were on level 1 of the Vaults.
You worshipped Vehumet.
Vehumet was exalted by your worship.
You were very full.

You visited 7 branches of the dungeon, and saw 34 of its levels.
You visited 1 bazaar.
You also visited: Ice Cave.

You collected 4840 gold pieces.
You spent 2471 gold pieces at shops.

Inventory:

Hand Weapons
 n - the +2 flail of Crystal (weapon) {freeze, +Fly MR+ MP+9 Dex+3, !*}
   (You took it off a deep elf death mage on level 3 of the Elven Halls)

   It has been specially enchanted to freeze those struck by it, causing extra
   injury to most foes and up to half again as much damage against particularly
   susceptible opponents.
   It can also slow down cold-blooded creatures.
   It affects your dexterity (+3).
   It affects your resistance to hostile enchantments.
   It affects your magic capacity (+9).
   It lets you fly.
Armour
 C - a +2 robe of magic resistance (worn)
 F - a +1 cloak (worn)
 V - a +1 hat of magic resistance (worn)
Jewellery
 c - an uncursed ring of ice
 d - an amulet of the gourmand (around neck)
 g - the ring "Pink" {Str+8 Stlth-}
   (You took it off a deep elf demonologist on level 3 of the Elven Halls)

   [ring of loudness]

   It affects your strength (+8).
   It makes you less stealthy.
 k - the ring of Ullyugovuj (left hand) {rF+ rC+ Int+5 Dex+2}
   (You took it off a deep elf sorcerer on level 3 of the Elven Halls)

   [ring of protection from fire]

   It affects your intelligence (+5).
   It affects your dexterity (+2).
   It protects you from fire.
   It protects you from cold.
 w - the ring "Tohinina" {Fire *Confuse rPois rN+ SInv}
   (You took it off an orc wizard on level 4 of the Orcish Mines)

   [ring of fire]

   It enhances your fire magic, and weakens your ice magic.
   It protects you from fire.
   It makes you vulnerable to cold.
   It protects you from poison.
   It protects you from negative energy.
   It lets you see invisible.
   It may confuse you when you take damage.
 x - the ring of Desertification (right hand) {*Confuse +Inv Int+5 Slay-3}
   (You bought it in a shop on level 4 of the Orcish Mines)

   [ring of slaying]

   It affects your intelligence (+5).
   It affects your accuracy and damage with ranged weapons and melee attacks
   (-3).
   It lets you turn invisible.
   It may confuse you when you take damage.
 S - an uncursed ring of ice
Wands
 p - a wand of confusion (29)
 q - a wand of disintegration (20)
 E - a wand of cold (1)
 O - a wand of teleportation (6)
 Q - a wand of digging (3)
Scrolls
 b - 2 scrolls of teleportation
 f - 5 scrolls of magic mapping
 j - 15 scrolls of remove curse
 l - 11 scrolls of fear
 t - 5 scrolls of fog
 z - a scroll of summoning
 A - 6 scrolls of recharging
 B - a scroll of blinking
 K - 3 scrolls of immolation
 W - a scroll of silence
 X - 3 scrolls of vulnerability
 Z - 4 scrolls of identify
Potions
 a - 2 potions of cancellation
 e - 7 potions of agility
 h - 10 potions of lignification
 i - 3 potions of ambrosia
 m - 23 potions of curing
 o - 11 potions of heal wounds
 u - 2 potions of brilliance
 v - 4 potions of haste
 y - 3 potions of invisibility
 H - 4 potions of flight
 I - 2 potions of magic
 J - 5 potions of resistance
 R - 4 potions of might
 U - 5 potions of berserk rage
Miscellaneous
 r - 2 phantom mirrors
 G - a plain deck of changes {drawn: 2}
 P - a plain deck of defence {drawn: 2}
Comestibles
 L - 7 slices of pizza
 M - 35 fruits
 Y - 4 beef jerkies


   Skills:
 + Level 12.4 Dodging
 + Level 13.8 Stealth
 + Level 13.9 Spellcasting
 * Level 15.6 Conjurations
 + Level 13.9 Charms
 + Level 4.8 Summonings
 + Level 11.3 Translocations
 + Level 11.9 Fire Magic
 + Level 6.6 Ice Magic
 + Level 10.7 Air Magic
 + Level 11.3 Poison Magic
 + Level 11.3 Evocations


You had 4 spell levels left.
You knew the following spells:

 Your Spells              Type           Power        Failure   Level  Hunger
b - Blink                 Tloc           N/A          0%          2    None
c - Repel Missiles        Chrm/Air       ######       0%          2    None
d - Searing Ray           Conj           ######       0%          2    None
e - Conjure Flame         Conj/Fire      ########     0%          3    None
f - Iskenderun's Mystic   Conj           ########     0%          4    None
g - Iskenderun's Battles  Conj/Chrm      ########     1%          5    None
h - Mephitic Cloud        Conj/Pois/Air  #######.     0%          3    None
i - Fireball              Conj/Fire      ########..   1%          5    None
j - Freezing Cloud        Conj/Ice/Air   #######...   1%          6    None
k - Delayed Fireball      Conj/Fire      N/A          1%          7    ###....
l - Apportation           Tloc           #######...   0%          1    None
m - Summon Butterflies    Summ           ######..     1%          1    None
n - Condensation Shield   Ice            ######....   1%          4    None


Dungeon Overview and Level Annotations

Branches:
Dungeon (13/15)            Temple (1/1) D:4            Lair (8/8) D:8
  Swamp (4/4) Lair:5        Snake (0/4) Lair:6        Slime (0/6) Lair:7
    Orc (4/4) D:9             Elf (3/3) Orc:4        Vaults (1/5) D:13

Altars:
Ashenzari
Cheibriados
Dithmenos
Elyvilon
Fedhas
Gozag
Kikubaaqudgha
Makhleb
Nemelex Xobeh
Okawaru
Qazlal
Ru
Sif Muna
Trog
Vehumet
Xom
Yredelemnul
Zin
The Shining One
Beogh
Jiyva

Shops:
D:4 [   Orc:1 :[=%=   Orc:4 =%}!   Elf:1 :

Annotations:
Vaults:1 Nikola


Innate Abilities, Weirdness & Mutations

You are agile. (Dex +2)
Armour fits poorly on your strangely shaped body.
Your body sometimes deteriorates upon taking damage.
You are resistant to hostile enchantments.
You passively map a small area around you.
You can spit weak poison.
Your muscles are strong. (Str +2)


Message History

The barrage of energy hits Nikola.
Nikola is lightly wounded.
Casting: Iskenderun's Mystic Blast
Confirm with . or Enter, or press ? or * to list all spells.
Aiming: Iskenderun's Mystic Blast
Press: ? - help, Shift-Dir - straight line, f/p - Nikola
Aim: Nikola, wielding a rapier of electrocution, wearing a glowing cloak and wearing a pair of gloves (lightly wounded)
The orb of energy hits Nikola.
Nikola is moderately wounded.
The orb of energy explodes!
Your battlesphere fires!
The barrage of energy hits Nikola.
Nikola is moderately wounded.
Nikola casts a spell.
You hear a mighty clap of thunder!
The lightning arc hits you!
The lightning arc hits Nikola.
The lightning arc hits you!
* * * LOW HITPOINT WARNING * * *
The lightning arc hits Nikola.
The lightning arc hits you!
You die...

* * ,# *#.%.
*###* , *, .#.
#..# #..## *
s'..##..##....#
, *
,#...'..#...@..*
, ,* #.†'......
* *#.)##....#* ,
,, , ##.)##* .##
, *##*††@##*** ,
,, * #.....@# ,
* *, #######(##
** *, *,
#...###..# ,
#...'.†..# *
#...#'#'##
##'##.+.#
#.'.#####
##'#'#*..# #####
#..'.'...#


You could see Nikola.

Vanquished Creatures
  2 deep elf blademasters (Elf:3)
  2 deep elf master archers (Elf:3)
  Gastronok (D:11)
  3 thorn hunters (Swamp:4)
  A frost giant (IceCv)
  Donald (Orc:3)
  9 deep elf sorcerers
  An orc warlord (Orc:4)
  An ironheart preserver (Vaults:1)
  7 deep elf demonologists (Elf:3)
  8 deep elf annihilators (Elf:3)
  The ghost of Eptagon the Spry, a journeyman SpGl of Okawaru (Orc:2)
  An ettin (D:12)
  4 deep elf death magi (Elf:3)
  5 vault guards (D:13)
  2 deep elf high priests (Elf:3)
  A yaktaur captain (Vaults:1)
  Fannar (Orc:2)
  The ghost of soonmide the Spear-Bearer, a journeyman MfGl of the Shining One (IceCv)
  11 hydras
  Harold (Elf:1)
  A naga warrior (Lair:6)
  3 ice dragons (Swamp:4)
  2 ogre magi (Vaults:1)
  2 ghost crabs
  4 centaur warriors
  Erica (D:10)
  An anaconda (Lair:8)
  Erolcha (Orc:1)
  12 dancing weapons (Elf:2)
  13 death yaks
  3 alligators
  8 orc high priests
  A queen ant (Lair:4)
  A spriggan berserker (Swamp:2)
  Urug (Lair:3)
  23 deep elf knights
  A hell knight (Elf:1)
  2 spriggan druids (Swamp:2)
  A skeletal warrior (D:12)
  2 ironbrand convokers (Vaults:1)
  4 swamp dragons
  17 deep elf summoners
  An ice statue (IceCv)
  2 orc knights (Orc:4)
  A shambling mangrove (Swamp:4)
  An unseen horror (D:12)
  4 hill giants
  10 deep elf conjurers
  7 ugly things
  2 hornets (Swamp:4)
  8 orc sorcerers
  An oklob plant (Lair:5)
  2 wizards (Elf:1)
  5 cyclopes
  A faun (Lair:6)
  The ghost of Tush the Sneak, a novice KoEn of Nemelex Xobeh (D:5)
  5 black mambas
  17 spiny frogs
  11 elephants
  A black mamba (shapeshifter) (Elf:1)
  2 yaktaurs
  A centaur skeleton (D:13)
  A molten gargoyle (Orc:2)
  4 gargoyles
  A fire drake (Lair:5)
  11 komodo dragons
  A kobold demonologist (D:12)
  A yaktaur (shapeshifter) (Vaults:1)
  A tengu conjurer (D:13)
  An efreet (D:12)
  16 polar bears
  14 deep elf priests
  12 trolls
  4 freezing wraiths (Swamp:4)
  21 slime creatures
  5 giant leeches
  2 queen bees
  15 two-headed ogres
  23 blink frogs
  Prince Ribbit (Lair:3)
  9 bog bodies
  7 spriggans
  4 wraiths
  3 trapdoor spiders
  A wyvern (D:12)
  2 humans (D:10)
  64 yaks
  A shadow (D:12)
  35 deep elf fighters
  A fire elemental (Orc:2)
  35 deep elf magi
  A hungry ghost (D:13)
  5 swamp worm simulacra (Swamp:4)
  3 basilisks
  7 hippogriffs
  A mottled dragon (D:13)
  12 insubstantial wisps
  A soldier ant (shapeshifter) (Elf:1)
  4 nagas (Lair:6)
  22 vampire mosquitoes
  9 wargs
  11 water moccasins
  7 soldier ants
  19 wolves
  10 hydra simulacra (Swamp:4)
  16 swamp worms
  17 porcupines
  5 swamp drakes
  2 phantoms
  5 ice beasts
  62 orc warriors
  An eye of draining (D:13)
  5 sky beasts
  33 ogres
  A boggart (Elf:1)
  13 wasps
  5 centaurs
  17 crocodiles
  A big kobold (D:13)
  Blork the orc (D:6)
  2 brain worms
  23 giant frogs
  A scorpion (D:10)
  48 killer bees
  8 wights
  2 electric eels
  9 crimson imps
  4 centaur zombies
  2 giant frog zombies (D:12)
  4 jellies
  40 orc priests
  45 orc wizards
  A quasit (D:9)
  5 giant frog skeletons
  3 hounds
  35 worker ants
  2 gnoll shamans
  5 hell rats (Lair:3)
  8 iguanas
  A hound zombie (D:8)
  12 gnolls
  A worker ant zombie (D:9)
  31 river rats
  2 shadow imps
  16 adders
  3 swamp drake simulacra (Swamp:4)
  2 adder zombies
  2 worms
  7 giant geckos
  298 orcs
  8 giant cockroaches
  7 goblins
  9 hobgoblins
  19 jackals
  15 kobolds
  12 quokkas
  2 ball pythons (D:3)
  6 bats
  2 giant gecko skeletons
  3 giant newts
  18 rats
  3 briar patches (Swamp:4)
  5 crawling corpses (Elf:3)
  3 plants
1577 creatures vanquished.

Vanquished Creatures (collateral kills)
  An ice beast (D:8)
  4 killer bees (D:8)
  A hound (D:11)
  A rat (D:8)
7 creatures vanquished.

Vanquished Creatures (others)
  An azure jelly (Swamp:4)
  Josephine (Lair:8)
  An alligator (Swamp:4)
  A merfolk (D:12)
  A swamp worm (Swamp:4)
  A swamp drake (Swamp:1)
  2 killer bees
  A jelly (D:12)
  An orc (D:12)
  39 fungi
  24 plants
73 creatures vanquished.

Grand Total: 1657 creatures vanquished

Notes
Turn   | Place    | Note
--------------------------------------------------------------
     0 | D:1      | Kangaxx the Deep Elf Wizard began the quest for the Orb.
     0 | D:1      | Reached XP level 1. HP: 10/10 MP: 7/7
   201 | D:1      | Reached XP level 2. HP: 15/15 MP: 4/9
   563 | D:1      | You fall through a shaft!
   568 | D:2      | Reached XP level 3. HP: 19/19 MP: 8/11
   939 | D:1      | Learned a level 2 spell: Blink
   942 | D:1      | Learned a level 2 spell: Repel Missiles
   946 | D:1      | Learned a level 3 spell: Mephitic Cloud
   950 | D:1      | Learned a level 3 spell: Conjure Flame
  1202 | D:2      | Reached XP level 4. HP: 17/24 MP: 4/12
  1503 | D:2      | Found a glowing golden altar of the Shining One.
  1567 | D:3      | Reached skill level 5 in Spellcasting
  1847 | D:3      | Reached XP level 5. HP: 9/28 MP: 0/14
  2107 | D:3      | Reached skill level 1 in Charms
  2432 | D:3      | Reached skill level 1 in Air Magic
  2477 | D:3      | Reached skill level 1 in Fire Magic
  2614 | D:4      | Noticed an ogre
  2621 | D:4      | Killed an ogre
  2621 | D:4      | Reached XP level 6. HP: 30/32 MP: 5/15
  2662 | D:4      | Reached skill level 1 in Poison Magic
  2744 | D:4      | Found Cituarass's Armour Emporium.
  2958 | D:4      | Found an opulent altar of Gozag.
  3179 | D:4      | Reached skill level 1 in Evocations
  3195 | D:4      | Found a staircase to the Ecumenical Temple.
  3226 | Temple   | Entered the Ecumenical Temple
  3316 | Temple   | Became a worshipper of Vehumet
  3774 | D:4      | Reached XP level 7. HP: 31/36 MP: 4/17
  3852 | D:5      | Entered Level 5 of the Dungeon
  4197 | D:5      | Noticed Tush's ghost (novice KoEn)
  4278 | D:5      | Killed Tush's ghost
  4278 | D:5      | Reached skill level 5 in Stealth
  4278 | D:5      | Reached skill level 6 in Spellcasting
  4278 | D:5      | Reached XP level 8. HP: 41/41 MP: 0/19
  4375 | D:5      | Found a sacrificial altar of Ru.
  4482 | D:6      | Reached skill level 5 in Conjurations
  4541 | D:6      | Noticed Blork the orc
  4865 | D:6      | Killed Blork the orc
  5775 | D:7      | Reached skill level 5 in Dodging
  5775 | D:7      | Reached XP level 9. HP: 37/45 MP: 8/20
  5779 | D:7      | Gained mutation: You can spit weak poison. [mutagenic meat]
  5780 | D:7      | Gained mutation: You are dopey. (Int -2) [mutagenic meat]
  5781 | D:7      | Gained mutation: You are resistant to hostile enchantments. [mutagenic meat]
  5782 | D:7      | Gained mutation: Armour fits poorly on your strangely shaped body. [mutagenic meat]
  5881 | D:7      | Acquired Vehumet's first power
  5881 | D:7      | Offered knowledge of Shock by Vehumet.
  6481 | D:8      | Found a white marble altar of Elyvilon.
  6736 | D:8      | Reached skill level 7 in Spellcasting
  6967 | D:8      | Paralysed by a wasp for 3 turns
  7058 | D:8      | Offered knowledge of Throw Frost by Vehumet.
  7068 | D:8      | Reached skill level 5 in Charms
  7380 | D:8      | Reached XP level 10. HP: 42/50 MP: 11/23
  7589 | D:8      | Offered knowledge of Ignite Poison by Vehumet.
  7824 | D:8      | Acquired Vehumet's second power
  7940 | D:8      | Learned a level 2 spell: Searing Ray
  7945 | D:8      | Learned a level 4 spell: Iskenderun's Mystic Blast
  7951 | D:8      | Learned a level 5 spell: Iskenderun's Battlesphere
  8498 | D:8      | Found a staircase to the Lair.
  8824 | D:9      | Gained mutation: You passively map a small area around you. [mutagenic meat]
  8825 | D:9      | Lost mutation: You are dopey. (Int -2) [mutagenic meat]
  8826 | D:9      | Gained mutation: You tend to lose your temper in combat. [mutagenic meat]
  8852 | D:9      | Offered knowledge of Sticky Flame by Vehumet.
  9205 | D:9      | Reached skill level 8 in Spellcasting
  9227 | D:9      | Acquired Vehumet's third power
  9366 | D:9      | Found a staircase to the Orcish Mines.
  9377 | D:9      | Reached skill level 5 in Air Magic
  9617 | Lair:1   | Entered Level 1 of the Lair of Beasts
  9622 | Lair:1   | Reached skill level 5 in Fire Magic
  9632 | Lair:1   | Reached skill level 5 in Evocations
  9917 | Lair:1   | Offered knowledge of Fireball by Vehumet.
  9917 | Lair:1   | Reached skill level 5 in Poison Magic
  9931 | Lair:1   | Reached skill level 5 in Translocations
 10002 | Lair:1   | Reached XP level 11. HP: 50/54 MP: 4/25
 10908 | Lair:1   | Reached skill level 9 in Conjurations
 11469 | Lair:2   | Learned a level 5 spell: Fireball
 12065 | Lair:2   | Offered knowledge of Irradiate by Vehumet.
 12864 | Lair:3   | Noticed a six-headed hydra
 12873 | Lair:3   | Killed a six-headed hydra
 12884 | Lair:3   | Noticed Urug
 12930 | Lair:3   | Killed Urug
 13138 | Lair:3   | Reached XP level 12. HP: 59/59 MP: 15/27
 13574 | Lair:3   | Noticed Prince Ribbit
 13587 | Lair:3   | Killed Prince Ribbit
 14034 | Lair:4   | Reached skill level 10 in Conjurations
 14215 | Lair:4   | Noticed a five-headed hydra
 14454 | Lair:4   | Killed a five-headed hydra
 14711 | Lair:4   | Offered knowledge of Lightning Bolt by Vehumet.
 15329 | Lair:5   | Found a staircase to the Swamp.
 15399 | Lair:5   | Noticed an eight-headed hydra
 15401 | Lair:5   | Killed an eight-headed hydra
 15402 | Lair:5   | Noticed a six-headed hydra
 15405 | Lair:5   | Killed a six-headed hydra
 16151 | Lair:5   | Reached skill level 11 in Conjurations
 16200 | Lair:5   | Reached XP level 13. HP: 40/63 MP: 8/28
 16547 | Lair:5   | Reached skill level 10 in Stealth
 16595 | Lair:5   | Reached skill level 10 in Spellcasting
 17469 | Lair:6   | Found a staircase to the Snake Pit.
 18010 | Lair:7   | Found a staircase to the Slime Pits.
 18010 | Lair:7   | Found a viscous altar of Jiyva.
 18725 | Lair:7   | Offered knowledge of Freezing Cloud by Vehumet.
 19768 | Lair:7   | Learned a level 6 spell: Freezing Cloud
 19863 | Lair:8   | Entered Level 8 of the Lair of Beasts
 19974 | Lair:8   | Reached skill level 12 in Conjurations
 19975 | Lair:8   | Reached XP level 14. HP: 68/68 MP: 25/30
 20284 | Lair:8   | Reached skill level 10 in Charms
 20307 | Lair:8   | Noticed Josephine
 20309 | Lair:8   | Killed Josephine
 22187 | Orc:1    | Entered Level 1 of the Orcish Mines
 22612 | Orc:1    | Found Satrabue's Food Shoppe.
 22614 | Orc:1    | Found Agit's Jewellery Emporium.
 22634 | Orc:1    | Found a roughly hewn altar of Beogh.
 22650 | Orc:1    | Bought a cursed ring of loudness for 72 gold pieces
 22684 | Orc:1    | Found Veddomm's Jewellery Emporium.
 22692 | Orc:1    | Bought a cursed amulet of inaccuracy for 28 gold pieces
 22865 | Orc:1    | Found Huxiwuys's Antique Armour Shop.
 22868 | Orc:1    | Found Ischucoch's Book Shoppe.
 22963 | Orc:2    | Noticed Eptagon's ghost (journeyman SpGl)
 23014 | Orc:1    | Noticed Erolcha
 23021 | Orc:1    | Killed Erolcha
 23022 | Orc:1    | Offered knowledge of Spellforged Servitor by Vehumet.
 23508 | Orc:2    | Noticed Fannar
 23576 | Orc:2    | Killed Fannar
 24024 | Orc:2    | Killed Eptagon's ghost
 24601 | Orc:3    | Noticed Donald
 24831 | Orc:2    | Offered knowledge of Iron Shot by Vehumet.
 24895 | Orc:3    | Killed Donald
 25482 | Orc:4    | Entered Level 4 of the Orcish Mines
 26074 | Orc:4    | Noticed an orc warlord
 26077 | Orc:4    | Reached skill level 10 in Dodging
 26109 | Orc:4    | Killed an orc warlord
 26283 | Orc:4    | Offered knowledge of Bolt of Cold by Vehumet.
 26956 | Orc:4    | Found a staircase to the Elven Halls.
 27459 | Orc:4    | Reached XP level 15. HP: 72/72 MP: 12/32
 27524 | Orc:4    | Offered knowledge of Poisonous Cloud by Vehumet.
 27652 | Orc:4    | Found Xowkul's Distillery.
 27666 | Orc:4    | Bought a potion of agility for 64 gold pieces
 27666 | Orc:4    | Bought a potion of heal wounds for 80 gold pieces
 27666 | Orc:4    | Bought a potion of cancellation for 128 gold pieces
 27666 | Orc:4    | Bought a potion of agility for 64 gold pieces
 27666 | Orc:4    | Bought a potion of mutation for 40 gold pieces
 27666 | Orc:4    | Bought a potion of ambrosia for 128 gold pieces
 27684 | Orc:4    | Found a roughly hewn altar of Beogh.
 27762 | Orc:4    | Found Adukk's Gadget Emporium.
 27915 | Orc:4    | Got a faintly glowing tin ring
 27924 | Orc:4    | Identified the ring "Tohinina" {Fire *Confuse rPois rN+ SInv} (You took it off an orc wizard on level 4 of the Orcish Mines)
 27965 | Orc:4    | Learned a level 7 spell: Delayed Fireball
 28554 | Orc:4    | Found a roughly hewn altar of Beogh.
 28786 | Orc:4    | Found Eryfenk's Food Emporium.
 28789 | Orc:4    | Found Liasecigaj's Jewellery Shoppe.
 28970 | Orc:4    | Reached skill level 13 in Conjurations
 29411 | Orc:4    | Bought the cursed ring of Desertification {*Confuse +Inv Int+5 Slay-3} for 184 gold pieces
 29487 | Elf:1    | Entered Level 1 of the Elven Halls
 29678 | Elf:1    | Offered knowledge of Lehudib's Crystal Spear by Vehumet.
 29678 | Elf:1    | Offered knowledge of Shatter by Vehumet.
 29678 | Elf:1    | Offered knowledge of Tornado by Vehumet.
 30049 | Elf:1    | Gained mutation: Your body sometimes deteriorates upon taking damage. [mutagenic meat]
 30053 | Elf:1    | Gained mutation: You passively map the area around you. [potion of mutation]
 30053 | Elf:1    | Gained mutation: You are agile. (Dex +2) [potion of mutation]
 30229 | Elf:1    | Reached skill level 1 in Ice Magic
 30659 | Elf:1    | Noticed Harold
 30731 | Elf:1    | Killed Harold
 30978 | Elf:1    | Found Jihixtig's Book Emporium.
 31756 | Elf:2    | Reached skill level 10 in Fire Magic
 32004 | Elf:2    | Found a huge runed gate.
 32004 | Elf:2    | Found a huge runed gate.
 32004 | Elf:2    | Found a huge runed gate.
 32457 | Elf:2    | Found an ancient bone altar of Kikubaaqudgha.
 32656 | Elf:2    | Reached skill level 10 in Poison Magic
 32671 | Elf:2    | Reached XP level 16. HP: 76/76 MP: 5/34
 33832 | Elf:3    | Entered Level 3 of the Elven Halls
 33921 | Elf:3    | Found a flickering gateway to a bazaar.
 33948 | Bazaar   | Entered a bazaar
 33965 | Bazaar   | Found Tayfraet's Distillery.
 33995 | Bazaar   | Found Peuttuz's Distillery.
 34034 | Bazaar   | Found Unill's Gadget Emporium.
 34080 | Bazaar   | Found Dapnav's Gadget Emporium.
 34104 | Bazaar   | Bought a potion of agility for 48 gold pieces
 34104 | Bazaar   | Bought a potion of heal wounds for 60 gold pieces
 34104 | Bazaar   | Bought a potion of curing for 36 gold pieces
 34104 | Bazaar   | Bought a potion of curing for 36 gold pieces
 34104 | Bazaar   | Bought a potion of heal wounds for 60 gold pieces
 34104 | Bazaar   | Bought 2 potions of curing for 72 gold pieces
 34104 | Bazaar   | Bought a potion of agility for 48 gold pieces
 34104 | Bazaar   | Bought 2 potions of flight for 72 gold pieces
 34104 | Bazaar   | Bought a potion of resistance for 120 gold pieces
 34104 | Bazaar   | Bought a potion of heal wounds for 60 gold pieces
 34134 | Bazaar   | Bought a potion of magic for 88 gold pieces
 34134 | Bazaar   | Bought a potion of lignification for 33 gold pieces
 34134 | Bazaar   | Bought a potion of resistance for 110 gold pieces
 34134 | Bazaar   | Bought a potion of brilliance for 44 gold pieces
 34134 | Bazaar   | Bought a potion of curing for 33 gold pieces
 34134 | Bazaar   | Bought a potion of agility for 44 gold pieces
 34134 | Bazaar   | Bought a potion of haste for 110 gold pieces
 34666 | Elf:3    | Noticed a deep elf blademaster
 34794 | Elf:3    | Noticed a deep elf blademaster
 34800 | Elf:3    | Killed a deep elf blademaster
 34825 | Elf:3    | Reached skill level 10 in Evocations
 34828 | Elf:3    | Reached skill level 10 in Translocations
 34966 | Elf:3    | Reached skill level 14 in Conjurations
 35216 | Elf:3    | Noticed a deep elf master archer
 35220 | Elf:3    | Killed a deep elf master archer
 35225 | Elf:3    | Killed a deep elf blademaster
 35366 | Elf:3    | Noticed a deep elf master archer
 35370 | Elf:3    | Killed a deep elf master archer
 35675 | Elf:3    | Got a glittering amber ring
 35685 | Elf:3    | Noticed an Executioner
 35746 | Elf:3    | Identified the ring of Ullyugovuj {rF+ rC+ Int+5 Dex+2} (You took it off a deep elf sorcerer on level 3 of the Elven Halls)
 35756 | Elf:3    | Reached XP level 17. HP: 49/80 MP: 23/35
 35858 | Elf:3    | Learned a level 1 spell: Apportation
 35860 | Elf:3    | Learned a level 1 spell: Summon Butterflies
 35873 | Elf:3    | Identified Yptises's Disquisition on Benedictions
 35930 | Elf:3    | Reached skill level 10 in Air Magic
 36069 | Elf:3    | Got a slimy bronze ring
 36335 | Elf:3    | Got a dazzling leather armour
 36341 | Elf:3    | Identified the +1 leather armour of Bedaipn {+Blink MR+ Int-5 Dex+4} (You took it off a deep elf annihilator on level 3 of the Elven Halls)
 36377 | Elf:3    | Got an ancient flail {freeze}
 36378 | Elf:3    | Identified the +2 flail of Crystal {freeze, +Fly MR+ MP+9 Dex+3} (You took it off a deep elf death mage on level 3 of the Elven Halls)
 36380 | Elf:3    | Identified the ring "Pink" {Str+8 Stlth-} (You took it off a deep elf demonologist on level 3 of the Elven Halls)
 36471 | Elf:3    | Killed a ghostly deep elf master archer
 36848 | Swamp:1  | Entered Level 1 of the Swamp
 36877 | Swamp:1  | Reached skill level 5 in Ice Magic
 38476 | Swamp:2  | Identified Sif Muna's Papyrus of Frigorific Attacks (You found it on level 2 of the Swamp)
 39329 | Swamp:4  | Entered Level 4 of the Swamp
 40975 | Swamp:4  | Got a decaying rune of Zot
 41333 | D:10     | Entered Level 10 of the Dungeon
 41458 | D:10     | Hired Uppor the merfolk for 285 gold.
 41474 | D:10     | Found an opulent altar of Gozag.
 41527 | D:10     | Noticed Erica
 41533 | D:10     | Killed Erica
 41809 | D:10     | Reached skill level 15 in Conjurations
 41812 | D:10     | Found an iron altar of Okawaru.
 42354 | D:11     | Noticed Gastronok
 42361 | D:11     | Killed Gastronok
 42639 | D:12     | Reached XP level 18. HP: 85/85 MP: 29/37
 42659 | D:12     | Your ally Uppor died
 42714 | D:12     | Found a deep blue altar of Sif Muna.
 42829 | D:12     | Found Ziestuge's Magic Scroll Boutique.
 42832 | D:12     | Found a frozen archway.
 42841 | IceCv    | Entered an ice cave
 43178 | IceCv    | Noticed soonmide's ghost (journeyman MfGl)
 43333 | IceCv    | Killed soonmide's ghost
 43986 | IceCv    | Identified the Catalogue of the Snowflakes (You found it in an ice cave)
 44002 | IceCv    | Hired Keatyrr the naga for 189 gold.
 44003 | IceCv    | Lost mutation: You passively map the area around you. [helix card]
 44003 | IceCv    | Lost mutation: Your body sometimes deteriorates upon taking damage. [helix card]
 44005 | IceCv    | Drew Focus: Int increased to 33, Str decreased to 3
 44006 | IceCv    | Lost mutation: You tend to lose your temper in combat. [helix card]
 44008 | IceCv    | Gained mutation: Your muscles are strong. (Str +2) [helix card]
 44011 | IceCv    | Gained mutation: Your body sometimes deteriorates upon taking damage. [helix card]
 44012 | IceCv    | Drew Focus: Int increased to 34, Str decreased to 2
 44102 | D:12     | Learned a level 4 spell: Condensation Shield
 44113 | D:12     | Bought a scroll of silence for 97 gold pieces
 44113 | D:12     | Bought a scroll of teleportation for 39 gold pieces
 44113 | D:12     | Bought a scroll of identify for 26 gold pieces
 44113 | D:12     | Bought a scroll of identify for 26 gold pieces
 44113 | D:12     | Bought a scroll of teleportation for 39 gold pieces
 44113 | D:12     | Bought a scroll of enchant weapon for 97 gold pieces
 44113 | D:12     | Bought a scroll of recharging for 123 gold pieces
 44113 | D:12     | Bought a scroll of recharging for 123 gold pieces
 44113 | D:12     | Bought a scroll of remove curse for 39 gold pieces
 44965 | D:12     | Found a burning altar of Makhleb.
 46732 | D:13     | Found a gate to the Vaults.
 47538 | Vaults:1 | Entered Level 1 of the Vaults
 48071 | Vaults:1 | Noticed Nikola
 48082 | Vaults:1 | Killed from afar by Nikola

Vault maps used:
D:1:      lemuel_arrival_room
D:2:      tso_metal_star
D:3:      first_bread
D:4:      minmay_temple_entry_mist, serial_shops, nicolae_shop_trees,
          nicolae_gozag_cash_rules_everything_around_me
D:5:      nicolae_ru_the_path_less_chosen
D:6:      hangedman_cross_stitches, water_boxes_lemuel, uniq_blork_the_orc
D:8:      elyvilon_altar_5, grunt_lair_entry_elf_guard_hut, david_nohive_1
D:9:      david_orc_2, kennysheep_generic_room_3
D:10:     basic_altar, okawaru_humans, uniq_erica, uniq_harold
D:11:     lemuel_upstairs_altar, uniq_gastronok
D:12:     evilmike_diamond_2, basic_altar, portal_ice_cave_entry_pillars_03,
          special_room, serial_shops, shop, makhleb_altar_promises_db
D:13:     grunt_vaults_entry_fortified, grunt_potential
Temple:   kilobyte_greek_temple_18
Lair:1:   infiniplex_staircase_pool_2
Lair:3:   uniq_urug, uniq_prince_ribbit2
Lair:4:   zaba_antful_of_joy, lemuel_fruit_fields
Lair:5:   minmay_swamp_entry_swarm, grunt_megastairs_4,
          infiniplex_staircase_pool, serial_bayou_shore_a
Lair:6:   minmay_snake_entry_guardpost_large, serial_forest,
          infiniplex_forest_straight_1, infiniplex_forest_clump_long,
          infiniplex_forest_clump_C, infiniplex_forest_clump_C,
          infiniplex_forest_clump_small, grunt_forest_large_clearings
Lair:7:   slime_altar_1
Lair:8:   due_jungle_book, grunt_megastairs_2, uniq_josephine
Swamp:1:  hangedman_swamp_ruin_wall, swamp_pool3
Swamp:2:  cheibrodos_swamp_heart_of_darkness, nicolae_swamp_trees_clearing
Swamp:3:  evilmike_swamp_ruin_house_3, swamp_pool1
Swamp:4:  swamp_icy
Orc:1:    lemuel_ogre_cave, serial_shops,
          nicolae_shop_temple_entry_statues_fountains, nicolae_shop_trees, shop,
          shop, shop, basic_altar
Orc:2:    nicolae_orc_lava_tube, uniq_fannar
Orc:3:    nicolae_orc_accident_1, nicolae_orc_pool_cavern, uniq_donald
Orc:4:    pubby_orc_utopia
Elf:1:    minmay_elf_arrival_summoners, serial_shops, shop_coins,
          hangedman_elf_disciples, sword_in_stone
Elf:2:    basic_altar, grunt_ministairs_7, kb_rosetta
Elf:3:    elf_hall, serial_shops, bzr_entry_dummy
Vaults:1: v_misc_14, v_misc_3, nicolae_vaults_little_squares_6,
          ontoclasm_vaults_loading_screen, v_misc_5, ontoclasm_vaults_ligature,
          grunt_vaults_bifocal, v_misc_24, v_pattern_2, hangedman_vaults_maws,
          nicolae_vaults_mini_display_case,
          nicolae_vaults_windows_and_doors_thing, v_misc_15, grunt_vaults_focal,
          vaults_room_hallway, uniq_nikola, uniq_saint_roka
Bazaar:   dpeg_bazaar_wands
IceCv:    ice_cave_caverns_03

Action                   |  1- 3 |  4- 6 |  7- 9 | 10-12 | 13-15 | 16-18 || total
-------------------------+-------+-------+-------+-------+-------+-------++-------
Melee: Long sword        |       |     1 |       |       |       |       ||     1
       Trident           |       |       |    15 |    16 |   122 |       ||   153
       Flail             |       |       |       |       |       |     5 ||     5
 Cast: Magic Dart        |    93 |   183 |   278 |   237 |   428 |   133 ||  1352
       Conjure Flame     |     1 |     4 |    29 |    23 |     7 |     8 ||    72
       Mephitic Cloud    |       |     3 |    15 |     9 |    11 |     5 ||    43
       Repel Missiles    |       |     1 |     1 |       |     1 |     3 ||     6
       Blink             |       |       |     8 |    16 |    35 |    18 ||    77
       Iskenderun's Myst |       |       |       |   175 |   479 |   649 ||  1303
       Searing Ray       |       |       |       |    48 |     3 |     5 ||    56
       Iskenderun's Batt |       |       |       |    20 |   126 |   160 ||   306
       Fireball          |       |       |       |     3 |    64 |    60 ||   127
       Freezing Cloud    |       |       |       |       |    21 |     8 ||    29
       Delayed Fireball  |       |       |       |       |       |     9 ||     9
       Condensation Shie |       |       |       |       |       |    17 ||    17
 Abil: Release Delayed F |       |       |       |       |       |     8 ||     8
       Evoke Flight      |       |       |       |       |       |     3 ||     3
       Stop Flying       |       |       |       |       |       |     1 ||     1
Evoke: Wand              |       |       |     7 |     6 |    14 |     9 ||    36
       Deck              |       |       |       |       |     2 |    17 ||    19
  Use: Scroll            |       |       |    12 |    14 |    13 |    24 ||    63
       Potion            |       |       |     1 |       |     3 |     5 ||     9
  Eat: Chunk             |     1 |     7 |    14 |    31 |    63 |    63 ||   179
       Pizza             |       |       |     1 |       |       |       ||     1
       Fruit             |       |       |       |       |     1 |       ||     1
